Map: Ascension to Aiur LE

Players

HerrderLinge

  • Race: Terran Terran
  • League: Diamond
  • Spawn Location: 11:00

HEMORRHOIDS - Winner!

  • Race: Protoss Protoss
  • League: Diamond
  • Spawn Location: 5:00

VOD

Have the link to the VOD?

Description

Time

  • Played on: June 9, 2017, 7:33 p.m.
  • Length: 20:13
Show
View Real Time Build Order
Export as new Build Order

HerrderLinge Terran 

Build Orders: Reaper Expand 

Get SALT Encoding   

  12  0:00  SCV  
  13  0:13  SCV  
  14  0:17  Supply Depot  
  14  0:25  SCV  
  14  0:28  Refinery  
  15  0:39  SCV  
  16  0:46  Barracks  
  16  0:51  SCV  
  17  1:04  SCV  
  18  1:16  SCV  
  19  1:32  Orbital Command  
  19  1:33  Reaper  
  20  1:43  Command Center  
  20  1:54  Factory  
  20  1:59  SCV  
  21  2:02  Refinery  
  21  2:09  Barracks Reactor  
  21  2:12  Supply Depot  
  21  2:18  SCV  
  22  2:30  SCV  
  23  2:42  SCV  
  24  2:46  Widow Mine  
  24  2:47  Starport  
  24  2:48  Engineering Bay  
  24  2:50  Marine  
  27  2:53  Marine  
  27  2:54  SCV  
  29  3:01  Orbital Command  
  29  3:11  Marine x2  
  31  3:17  Missile Turret  
  30  3:37  Marine x2  
  30  3:38  Factory Tech Lab  
  30  3:40  Medivac, SCV  
  35  3:43  SCV  
  36  3:52  SCV  
  37  3:55  Supply Depot  
  37  3:57  Marine x2  
  37  4:00  Liberator  
  37  4:02  Siege Tank  
  42  4:05  SCV  
  44  4:10  SCV  
  44  4:18  Supply Depot  
  44  4:22  SCV  
  47  4:32  Marine  
  47  4:33  Marine  
  47  4:34  Siege Tank  
  52  4:42  SCV  
  52  4:43  SCV  
  54  4:49  Liberator  
  54  4:54  SCV  
  54  4:56  Marine x2  
  57  5:01  Barracks x2  
  60  5:13  Marine, SCV  
  62  5:15  Supply Depot, Command Center  
  62  5:16  Marine  
  62  5:36  Marine  
  63  5:42  Bunker  
  63  5:46  Marine  
  62  5:54  Marine  
  54  6:15  Marine x2  
  54  6:17  Barracks Tech Lab  
  54  6:18  Barracks Reactor  
  50  6:38  Marine x3  
  50  6:39  SCV  
  52  6:40  SCV  
  52  6:51  SCV  
  52  6:52  SCV  
  51  6:55  Marine  
  51  7:00  Barracks  
  51  7:01  Barracks  
  51  7:02  Starport Reactor, Barracks  
  51  7:03  Barracks  
  51  7:04  SCV  
  51  7:05  Stimpack  
  51  7:06  Marine x2  
  51  7:07  Barracks  
  51  7:08  Refinery  
  51  7:09  Refinery  
  51  7:10  Factory Reactor, Missile Turret  
  49  7:16  Marine x2  
  49  7:21  SCV x2  
  53  7:23  Orbital Command  
  53  7:24  Missile Turret  
  49  7:31  Marine x2  
  49  7:35  Missile Turret  
  51  7:39  Terran Infantry Weapons Level 1  
  51  7:42  Missile Turret  
  51  7:43  Engineering Bay  
  51  7:44  Medivac  
  51  7:45  Supply Depot  
  51  7:49  Marine x2, Barracks Reactor  
  51  7:50  Barracks Tech Lab  
  55  7:55  SCV  
  55  7:56  SCV  
  55  7:57  SCV  
  58  8:02  Widow Mine  
  58  8:03  Widow Mine  
  62  8:06  Barracks Tech Lab  
  60  8:13  Marine x2  
  60  8:14  Marauder  
  60  8:15  Marine  
  57  8:36  Marine x3  
  57  8:37  Marine, Marauder x2  
  57  8:38  Marine x2  
  60  8:41  SCV  
  58  8:55  Marine x3  
  58  8:56  Marine x2  
  59  9:04  Orbital Command  
  59  9:08  Marine  
  59  9:09  Marauder, Barracks Reactor  
  63  9:10  Marauder x2  
  63  9:11  Barracks Reactor  
  63  9:14  Marine x2  
  63  9:15  SCV x2  
  68  9:27  SCV  
  68  9:29  SCV x2  
  68  9:31  Marauder x3  
  75  9:35  Marine x2  
  75  9:36  Marine x2  
  75  9:37  Medivac  
  83  9:39  SCV  
  83  9:41  SCV  
  85  9:50  SCV  
  85  9:51  Marine x4  
  85  9:52  Marauder, SCV  
  93  10:04  Supply Depot  
  93  10:05  Terran Infantry Armor Level 1, Supply Depot  
  93  10:07  Supply Depot  
  93  10:13  Armory  
  93  10:25  Widow Mine x2, Supply Depot  
  93  10:26  Medivac, SCV x2  
  93  10:27  Marine x2, Marauder, Medivac  
  109  10:28  Marine  
  109  10:29  SCV  
  109  10:32  Combat Shields  
  109  10:34  Marine x2, Marauder  
  113  10:36  Refinery  
  113  10:37  Refinery  
  113  10:38  SCV x2  
  113  10:41  Marine x2  
  117  10:46  Marauder, Supply Depot, Marine x2, SCV  
  117  10:47  Supply Depot x2  
  117  10:48  Marine  
  117  10:49  Marauder  
  125  10:51  Command Center  
  125  11:07  Marine x6, SCV x2  
  125  11:08  Widow Mine x2, Marine, SCV  
  125  11:09  Marauder  
  135  11:31  Marine x2, Marauder x2  
  135  11:32  Marine, Marauder  
  134  11:34  Missile Turret  
  134  11:35  Missile Turret x2  
  134  11:40  Marine x3  
  134  11:41  SCV x2  
  138  11:53  Marauder x3  
  144  12:01  Marine x4  
  144  12:02  SCV  
  144  12:06  Supply Depot  
  144  12:07  Supply Depot  
  149  12:15  Supply Depot  
  149  12:17  Supply Depot  
  149  12:27  Marine  
  149  12:28  Widow Mine, Marauder, Medivac x2, SCV  
  149  12:29  Marauder x2  
  161  12:53  Marine x3, Marauder x3  
  121  14:17  Orbital Command  
  29  16:23  Refinery  
  29  16:25  Refinery, Supply Depot  
  29  16:26  Supply Depot  
  29  16:29  Factory Tech Lab  
  29  16:30  Barracks x2  
  29  16:31  Barracks  
  29  16:34  Starport  
  21  16:57  Starport  
  21  17:10  Starport Tech Lab  
  21  17:15  Starport  
  21  17:28  Banshee  
  24  17:30  Cloaking Field  
  24  17:33  Starport Tech Lab  
  20  17:53  Banshee  
  20  17:58  Starport Tech Lab  
  23  18:11  Banshee  
  26  18:20  Banshee  
Show
View Real Time Build Order
Export as new Build Order

HEMORRHOIDS Protoss - Winner!

Build Orders: 1 Gate Expand, Oracle Opening 

Get SALT Encoding   

  12  0:01  Probe (Chrono Boost)  
  13  0:11  Probe (Chrono Boost)  
  14  0:22  Probe (Chrono Boost), Pylon  
  15  0:40  Probe (Chrono Boost), Gateway  
  16  0:43  Assimilator  
  16  0:51  Probe (Chrono Boost)  
  17  1:08  Probe (Chrono Boost)  
  18  1:19  Probe (Chrono Boost)  
  18  1:23  Nexus  
  19  1:31  Cybernetics Core  
  19  1:45  Probe (Chrono Boost), Assimilator  
  20  1:55  Probe (Chrono Boost)  
  20  1:56  Pylon  
  21  2:07  Probe (Chrono Boost)  
  22  2:14  Adept  
  24  2:20  Stargate  
  24  2:25  Probe (Chrono Boost)  
  25  2:36  Probe (Chrono Boost)  
  26  2:46  Probe (Chrono Boost)  
  27  3:00  Mothership Core (Chrono Boost), Adept  
  27  3:03  Probe (Chrono Boost)  
  32  3:14  Probe (Chrono Boost)  
  32  3:16  Nexus  
  32  3:18  Probe (Chrono Boost)  
  32  3:19  Oracle  
  35  3:45  Adept  
  37  3:51  Gateway  
  37  3:52  Probe x2 (Chrono Boost)  
  37  3:53  Gateway  
  39  4:02  Pylon  
  39  4:03  Probe (Chrono Boost)  
  39  4:05  Pylon  
  40  4:12  Adept  
  40  4:13  Probe x2 (Chrono Boost)  
  44  4:17  Assimilator  
  44  4:22  Assimilator  
  44  4:24  Probe x2 (Chrono Boost)  
  43  4:40  Phoenix  
  43  4:45  Probe (Chrono Boost)  
  46  4:51  Adept x2  
  46  4:52  Adept  
  52  4:56  Probe (Chrono Boost)  
  53  5:04  Pylon  
  53  5:05  Phoenix  
  53  5:06  Probe (Chrono Boost), Pylon  
  53  5:07  Probe (Chrono Boost)  
  57  5:17  Probe (Chrono Boost)  
  57  5:18  Adept  
  60  5:24  Adept x2  
  60  5:27  Probe (Chrono Boost)  
  65  5:30  Phoenix  
  67  5:45  Adept  
  53  6:23  Phoenix  
  53  6:25  Stalker x3  
  51  6:55  Stalker  
  49  7:10  Probe (Chrono Boost)  
  49  7:11  Void Ray  
  49  7:12  Stalker x2  
  58  7:18  Probe (Chrono Boost)  
  58  7:20  Probe (Chrono Boost)  
  60  7:24  Stalker  
  60  7:28  Probe (Chrono Boost)  
  63  7:31  Probe (Chrono Boost)  
  64  7:37  Assimilator  
  64  7:39  Probe (Chrono Boost)  
  64  7:42  Probe x2 (Chrono Boost), Assimilator, Twilight Council, Stalker x2  
  71  7:45  Pylon  
  71  7:49  Probe (Chrono Boost)  
  72  7:52  Probe x2 (Chrono Boost)  
  72  7:54  Stalker  
  76  8:00  Probe (Chrono Boost), Pylon  
  76  8:01  Pylon  
  76  8:02  Pylon  
  76  8:03  Probe (Chrono Boost), Void Ray  
  82  8:10  Probe (Chrono Boost), Gateway  
  82  8:12  Gateway, Stalker  
  83  8:16  Gateway  
  83  8:18  Probe (Chrono Boost)  
  83  8:19  Pylon  
  86  8:21  Probe (Chrono Boost)  
  87  8:29  Probe (Chrono Boost)  
  86  8:39  Probe (Chrono Boost)  
  87  8:51  Stalker x2  
  87  8:52  Void Ray  
  91  9:08  Stalker  
  91  9:09  Stalker x2  
  93  9:13  Probe (Chrono Boost)  
  94  9:21  Blink, Stalker  
  94  9:22  Mothership Core (Chrono Boost)  
  94  9:23  Probe (Chrono Boost)  
  99  9:34  Void Ray  
  99  9:36  Pylon  
  103  9:38  Stalker  
  103  9:40  Nexus  
  101  9:46  Pylon  
  101  9:47  Probe (Chrono Boost)  
  101  9:51  Stalker x2  
  101  9:52  Stalker  
  108  9:57  Probe (Chrono Boost)  
  109  10:08  Probe (Chrono Boost)  
  109  10:10  Probe (Chrono Boost)  
  109  10:12  Void Ray  
  111  10:17  Pylon  
  116  10:21  Stalker x2  
  116  10:22  Probe (Chrono Boost), Stalker  
  116  10:23  Stalker x3  
  128  10:34  Templar Archives  
  128  10:36  Dark Shrine  
  128  10:40  Pylon, Assimilator  
  128  10:44  Assimilator  
  128  10:56  Void Ray  
  128  11:36  Void Ray  
  128  11:37  Psionic Storm  
  126  11:43  High Templar  
  126  11:44  High Templar x2  
  130  12:06  Probe (Chrono Boost)  
  131  12:12  Gateway  
  131  12:13  Gateway  
  131  12:23  High Templar x3  
  112  13:30  Pylon  
  112  13:32  Pylon  
  112  13:33  Pylon  
  112  13:35  Pylon  
  112  13:40  Pylon x2  
  112  13:46  Pylon  
  112  13:48  Pylon  
  108  13:52  Pylon, Dark Templar  
  108  13:53  Pylon  
  108  13:54  Probe (Chrono Boost), Dark Templar x2  
  119  14:20  Archon  
  112  14:27  Dark Templar  
  83  14:47  Probe (Chrono Boost), Cybernetics Core  
  77  15:27  Probe (Chrono Boost)  
  60  15:37  Stalker  
  60  15:39  Probe (Chrono Boost)  
  63  16:01  Probe (Chrono Boost)  
  63  16:13  Probe (Chrono Boost)  
  62  16:25  Probe (Chrono Boost)  
  63  16:29  Stalker  
  63  16:37  Forge  
  63  16:38  Probe (Chrono Boost)  
  61  16:50  Probe (Chrono Boost)  
  61  17:10  Photon Cannon  
  60  17:20  Photon Cannon  
  60  17:24  Photon Cannon  
  60  17:27  Photon Cannon  
  60  17:53  Stalker  
  60  17:56  Probe (Chrono Boost)  
  63  18:33  Pylon  
  63  18:35  Pylon  
  63  18:37  Pylon  
  63  18:38  Pylon  
  63  18:47  Stalker  
  63  18:51  Stalker  
  63  18:53  Probe (Chrono Boost)  
  67  19:05  Probe (Chrono Boost)  
  68  19:17  Probe (Chrono Boost)  
  68  19:21  Stalker  
  68  19:22  Stalker  
  70  19:24  Photon Cannon  
  70  19:29  Probe (Chrono Boost)  
  73  19:31  Photon Cannon  
  72  19:43  Photon Cannon  
  72  19:46  Photon Cannon  
Tags
 
Add a new tag
Caveats
  • Supply blocks, unpowered buildings, or Contaminate may cause inaccurate times.
  • Supply counts are checked every 10 seconds.